 Dungeon Crawl Stone Soup version 0.32-a0-43-g058985b245 (webtiles) character file.

Game seed: 544140316461450402

73 Ceno the Cudgeller (level 4, -1/37 HPs)
             Began as an Armataur Warper on Feb 5, 2024.
             Was an Initiate of Yredelemnul.
             Slain by an orc priest
             ... wielding a +0 flail
              (7 damage)
             ... on level 3 of the Dungeon.
             The game lasted 00:04:21 (1660 turns).

Ceno the Cudgeller (Armataur Warper)                Turns: 1660, Time: 00:04:21

Health: -1/37      AC:  5    Str: 18    XL:     4   Next: 8%
Magic:  6/6        EV:  9    Int: 13    God:    Yredelemnul [......]
Gold:   126        SH:  0    Dex: 10    Spells: 6/6 levels left

rFire   . . .        a - +0 mace
rCold   . . .        (no shield)
rNeg    . . .        b - +0 leather armour
rPois   .            (no helmet)
rElec   .            (no cloak)
rCorr   .            f - +0 pair of gloves
SInv    .            (no barding)
Will    .....        (no amulet)
Stlth   +            (no ring)
HPRegen 0.26/turn    (no ring)
MPRegen 0.10/turn

%: roll
@: no status effects
A: large, deformed body, tough skin 3, armoured tail, roll 1
a: Renounce Religion, Recall Undead Harvest


You were on level 3 of the Dungeon.
You worshipped Yredelemnul.
Yredelemnul was noncommittal.
You visited 1 branch of the dungeon, and saw 3 of its levels.

You collected 126 gold pieces.

Inventory:

Hand Weapons
 a - a +0 mace (weapon)
Missiles
 j - 6 poisoned darts
 k - 27 stones (quivered)
Armour
 b - a +0 leather armour (worn)
 f - a +0 pair of gloves (worn)
 g - a +0 chain mail
Scrolls
 c - 2 scrolls of blinking
 h - a scroll of noise {unknown}
 n - a scroll of fog {unknown}
 p - a scroll of enchant armour {unknown}
Potions
 e - a potion of magic
 l - a potion of berserk rage
 m - a potion of heal wounds
 o - a potion of curing


   Skills:
 + Level 2.4 Fighting
 * Level 3.1 Maces & Flails
 - Level 0.8 Throwing
 + Level 2.5 Armour
 - Level 1.3 Dodging
 - Level 1.7 Spellcasting
 - Level 3.0 Translocations


You had 6 spell levels left.
You didn't know any spells.
Your spell library contained the following spells:

 Spells                   Type           Power      Damage    Failure   Level
 Blink                    Tloc           16%        N/A       14%         2
 Lesser Beckoning         Tloc           16%        N/A       14%         2
 Teleport Other           Tloc           8%         N/A       26%         3
 Scorch                   Fire           2%         2d5       43%         2
 Manifold Assault         Tloc           8%         N/A       65%         4
 Vhi's Electric Charge    Tloc/Air       10%        N/A       86%         4
 Summon Blazeheart Golem  Fire/Summ      1%         N/A       97%         4
 Irradiate                Conj/Alch      0%         3d11      100%        5
 Fire Storm               Conj/Fire      0%         6d1       100%        9


Dungeon Overview and Level Annotations

Branches:
Dungeon (3/15)

Altars:
Qazlal
Yredelemnul

Shops:
D:2 ?


Innate Abilities, Weirdness & Mutations

Armour fits poorly on your strangely shaped body.
You have extremely tough skin. (AC +3)
You have a long armoured tail.
You regenerate magic when rolling toward enemies. (Rampage MPRegen)


Message History

You are too injured to fight recklessly!
Unknown command.
You hit the orc.
The orc is severely wounded.
The orc barely misses you.
Your orc zombie hits the orc.
Your orc zombie closely misses the orc priest.
The orc priest hits your orc zombie with a +0 flail.
The orc hits your orc zombie with a +0 club.
Your orc zombie is destroyed!
You hit the orc.
You kill the orc!
The orc priest mumbles some strange prayers to Beogh against you.
You barely resist.
Your orc zombie hits the orc priest.
The orc priest closely misses you.
Your orc zombie hits the orc priest.
Items here: )) [[.
You hit the orc priest.
Your tail-slap misses the orc priest.
The orc priest is moderately wounded.
The orc priest barely misses you.
Your orc zombie hits the orc priest.
You hit the orc priest.
The orc priest is moderately wounded.
The orc priest calls down the wrath of Beogh upon you.
Beogh smites you!
* * * LOW HITPOINT WARNING * * *
You hit the orc priest.
The orc priest is heavily wounded.
The orc priest barely misses you.
Your orc zombie barely misses the orc priest.
You barely miss the orc priest.
The orc priest is heavily wounded.
The orc priest hits you with a +0 flail.
* * * LOW HITPOINT WARNING * * *
Your orc zombie hits the orc priest but does no damage.
The orc priest hits you with a +0 flail.
* * * LOW HITPOINT WARNING * * *
You hit the orc priest.
The orc priest is severely wounded.
Your orc zombie barely misses the orc priest.
The orc priest hits you with a +0 flail!
You die...
Your body rises from the dead as a mindless zombie.

..§# .....###
.._.... # ....# #
#= ...○ .# #..
####.###.#
###...###.....#..#
..o..$....Z...>.#
###...###..o@).##
...o. #####<.#
##.# #..# # #..#
#..# #..# #..#
#..# #..#


You could see an orc priest (ally target) and a friendly orc zombie.

Vanquished Creatures
  A hound (D:2)
  2 dart slugs
  3 orcs (D:3)
  6 ball pythons
  An endoplasm (D:1)
  2 giant cockroaches (D:2)
  2 hobgoblins
  7 bats
  5 frilled lizards
  3 goblins
  3 kobolds (D:1)
  4 rats
39 creatures vanquished.

Vanquished Creatures (others)
  A giant cockroach zombie (D:2)
  An orc zombie (D:3)
2 creatures vanquished.

Grand Total: 41 creatures vanquished

Notes
Turn   | Place    | Note
-------+----------+-------------------------------------------
     0 | D:1      | Ceno the Armataur Warper began the quest for the Orb.
     0 | D:1      | Reached XP level 1. HP: 17/17 MP: 3/3
   192 | D:1      | Reached XP level 2. HP: 24/24 MP: 4/4
   873 | D:2      | Reached XP level 3. HP: 27/29 MP: 5/5
  1044 | D:2      | Found a basalt altar of Yredelemnul.
  1075 | D:2      | Became a worshipper of Yredelemnul the Dark
  1165 | D:2      | Found Latuhirao's Magic Scroll Emporium.
  1345 | D:2      | Got the Octavo of Fulgent Heat
  1498 | D:3      | Found a stormy altar of Qazlal.
  1650 | D:3      | Reached XP level 4. HP: 35/37 MP: 6/6
  1660 | D:3      | Slain by an orc priest

Illustrated notes

Levels and vault maps discovered:
D:1:      grunt_arrival_crossed_arrows, layout_loops_ring
D:2:      layout_loops_ring, basic_altar, serial_shops,
          nicolae_shop_window_shopping, hex_large, st_stairs_1
D:3:      layout_basic, grunt_qazlal_clouds

Skill      XL: |  1  2  3 |
---------------+----------+-----
Maces & Flails | 2 3 |  3.1
Fighting       | 2 |  2.4
Armour         | 2 |  2.5
Throwing       | |  0.8
Dodging        | |  1.3
Spellcasting   | |  1.7
Translocations | |  3.0

Action                     |  1- 3 |  4- 6 || total
---------------------------+-------+-------++-------
  Melee: Mace              |   128 |    10 ||   138
         Tailslap          |     4 |       ||     4
  Throw: Dart              |     7 |       ||     7
    Use: Scroll            |     4 |       ||     4
   Stab: Distracted        |     1 |       ||     1
 Armour: Leather armour    |   116 |     5 ||   121
  Dodge: Dodged            |    93 |     6 ||    99

Table legend: (Time is in decaauts)
 A = Elapsed time spent in this place.
 B = Non-inter-level travel time spent in this place.
 C = Inter-level travel time spent in this place.
 D = Time resting spent in this place.
 E = Time spent auto-exploring this place.
 F = Levels seen in this place.
 G = Mean time per level.
                   A        B        C        D        E       F      G
               +--------+--------+--------+--------+--------+-----+--------+
         Total |   1698 |   1627 |     71 |     99 |   1117 |   3 |  566.0 |
       Dungeon |   1698 |   1627 |     71 |     99 |   1117 |   3 |  566.0 |
               +--------+--------+--------+--------+--------+-----+--------+

Top non-repeatable levels by time:
     D:2: 850 daAuts
     D:1: 797 daAuts
     D:3: 49 daAuts
